 Dungeon Sprint DCSS version 0.18-a0-993-g4a3b7c7 (webtiles) character file.

89 pipel the Skirmisher (level 4, -6/63 HPs)
             Began as a Hill Orc Skald on Jan 4, 2016.
             Was a Believer of Makhleb.
             Mangled by a goblin
             ... wielding a +0 dagger of electrocution
              (18 damage)
             ... in the Dungeon (Sprint VII: "The Pits").
             The game lasted 00:02:30 (127 turns).

pipel the Skirmisher (Hill Orc Skald)                Turns: 127, Time: 00:02:30

Health: -6/63      AC:  3    Str: 20    XL:     4   Next: 55%
Magic:  5/7        EV: 12    Int: 12    God:    Makhleb [**....]
Gold:   0          SH:  0    Dex: 10    Spells: 2 memorised, 4 levels left

rFire  . . .     SeeInvis .     t - +0 hand axe
rCold  . . .     Gourm    .     o - +0 leather armour
rNeg   . . .     Faith    .     (no shield)
rPois  .         Spirit   .     (no helmet)
rElec  .         Dismiss  .     (no cloak)
rCorr  .         Reflect  .     (no gloves)
SustAt .         Harm     .     (no boots)
MR     .....     NoTele   +     (no amulet)
Stlth  ..........               (no ring)
                                (no ring)

@: berserking, very quick, not resistant to hostile enchantments, extremely
unstealthy
A: no striking features
a: Minor Destruction, Renounce Religion


You were in the Dungeon.
You worshipped Makhleb.
Makhleb was pleased with you.
You were not hungry.

You visited 1 branch

Inventory:

Hand Weapons
 a - a +2 hand axe
 t - a +0 hand axe (weapon)
Missiles
 n - 9 stones (quivered)
Armour
 o - a +0 leather armour (worn)
Magical Staves
 b - an uncursed staff of energy
Scrolls
 j - a scroll of blinking
 p - 3 scrolls of remove curse
 q - 5 scrolls of amnesia
 r - a scroll of summoning
 s - 2 scrolls of vulnerability
Potions
 e - a potion of curing
 g - a potion of haste
 h - 4 potions of magic
 i - 2 potions of berserk rage
 m - 2 potions of invisibility
Books
 c - a book of Battle

   Spells                             Type                      Level
   a - Infusion                       Charms                       1
   b - Shroud of Golubria             Charms/Translocation         2
   c - Song of Slaying                Charms                       2
   d - Spectral Weapon                Hexes/Charms                 3
   e - Regeneration                   Charms/Necromancy            3
Comestibles
 d - 8 bread rations
 k - 40 fruits
 l - 7 meat rations
 u - 3 chunks of flesh


   Skills:
 + Level 5.1 Fighting
 + Level 4.6 Axes
 + Level 0.3 Throwing
 + Level 3.4 Armour
 + Level 2.8 Dodging
 - Level 2.2 Spellcasting
 + Level 4.9 Charms
 + Level 0.2 Translocations
 + Level 0.6 Invocations


You had 4 spell levels left.
You knew the following spells:

 Your Spells              Type           Power        Failure   Level  Hunger
a - Infusion              Chrm           ##....       4%          1    ##.....
b - Shroud of Golubria    Chrm/Tloc      #.........   17%         2    ###....


Dungeon Overview and Level Annotations

Branches:
Dungeon (1/1)

Altars:
Ashenzari
Cheibriados
Dithmenos
Elyvilon
Fedhas
Kikubaaqudgha
Makhleb
Nemelex Xobeh
Okawaru
Pakellas
Ru
Sif Muna
Trog
Vehumet
Xom
Yredelemnul
Zin
The Shining One
Beogh
Jiyva
Lugonu


Message History

The giant frog barely misses you.
You slash the giant frog!
You kill the giant frog!
Makhleb accepts your kill.
You feel better.
Your Fighting skill gained 2 levels and is now at level 5!
Your Axes skill increases to level 4!
Your Armour skill gained 2 levels and is now at level 3!
Your Dodging skill increases to level 2!
You have reached level 3!
Your experience leads to an increase in your attributes!
Your base attributes are Str 14, Int 12, Dex 10.
Increase (S)trength, (I)ntelligence, or (D)exterity?
You feel stronger.
You have reached level 4!
You regained 8 hp, and now have 12/63 hp.
You barely miss the goblin. The goblin barely misses you.
You barely miss the goblin. The goblin hits you but does no damage.
You are electrocuted!
You die...

#_#####'############
#)))'.'..##.......
#.))#.#..##......#
#######'#####.......
#..........†'.......
#+#####[#####......#
#...#.# #.......
#...#.# ####'###
#@†.'.# #.......
##g#### #.......
#.... #.......
#(....# #...<...
#....... #.......
#........ #.......
######### #.......
########


You could see a goblin.

Vanquished Creatures
  A giant frog (D)
  A river rat (D)
  An ufetubus (D)
  An orc (D)
  2 giant cockroaches (D)
  A bat (D)
  A giant newt (D)
8 creatures vanquished.

Notes
Turn   | Place    | Note
--------------------------------------------------------------
     0 | D        | pipel the Hill Orc Skald began the quest for the Orb.
     0 | D        | Reached XP level 1. HP: 18/18 MP: 3/3
    20 | D        | Reached skill level 3 in Fighting
    20 | D        | Reached skill level 1 in Dodging
    20 | D        | Reached XP level 2. HP: 2/26 MP: 1/5
    27 | D        | Learned a level 2 spell: Shroud of Golubria
    53 | D        | Found a sacrificial altar of Ru.
    53 | D        | Found a basalt altar of Yredelemnul.
    53 | D        | Found a glowing golden altar of the Shining One.
    53 | D        | Found a deep blue altar of Sif Muna.
    53 | D        | Found a burning altar of Makhleb.
    53 | D        | Found an ancient bone altar of Kikubaaqudgha.
    53 | D        | Found a glowing silver altar of Zin.
    54 | D        | Found a shadowy altar of Dithmenos.
    54 | D        | Found a bloodstained altar of Trog.
    54 | D        | Found a shattered altar of Ashenzari.
    54 | D        | Found a white marble altar of Elyvilon.
    54 | D        | Found a snail-covered altar of Cheibriados.
    54 | D        | Found a blossoming altar of Fedhas.
    54 | D        | Found a radiant altar of Vehumet.
    54 | D        | Found a shimmering altar of Xom.
    54 | D        | Found a sparkling altar of Nemelex Xobeh.
    54 | D        | Found a corrupted altar of Lugonu.
    54 | D        | Found a viscous altar of Jiyva.
    54 | D        | Found a roughly hewn altar of Beogh.
    54 | D        | Found an iron altar of Okawaru.
    55 | D        | Found an oddly glowing altar of Pakellas.
    57 | D        | Became a worshipper of Makhleb the Destroyer
    80 | D        | HP: 1/26 [orc (2)]
    83 | D        | Reached * piety under Makhleb
    95 | D        | Reached skill level 4 in Charms
   117 | D        | Reached ** piety under Makhleb
   119 | D        | Noticed a giant frog
   125 | D        | Killed a giant frog
   125 | D        | Reached skill level 5 in Fighting
   125 | D        | Reached XP level 3. HP: 11/36 MP: 4/6
   125 | D        | Reached XP level 4. HP: 12/42 MP: 4/7
   127 | D        | Mangled by a goblin

Vault maps used:
D:        pitsprint

Action                   |  1- 3 |  4- 6 || total
-------------------------+-------+-------++-------
Melee: Hand axe          |    49 |     2 ||    51
Throw: Stone             |     1 |       ||     1
 Cast: Infusion          |     1 |       ||     1
       Shroud of Golubri |     1 |       ||     1
Invok: Minor Destruction |     2 |       ||     2
  Use: Potion            |     2 |       ||     2
